 Dungeon Crawl Stone Soup version 0.31-a0-984-gbfb7dba898 (webtiles) character file.

Game seed: 2159861983095553833

628 Malachi the Ruffian (level 7, -3/43 HPs)
             Began as a Demonspawn Shapeshifter on Nov 3, 2023.
             Was a Believer of Wu Jian.
             Slain by a small abomination (15 damage)
             ... on level 4 of the Dungeon.
             The game lasted 00:06:11 (5818 turns).

Malachi the Ruffian (Demonspawn Shapeshifter)       Turns: 5818, Time: 00:06:12

Health: -3/43      AC:  8    Str: 12    XL:     7   Next: 23%
Magic:  7/7        EV:  9    Int: 14    God:    Wu Jian [**....]
Gold:   186        SH:  0    Dex: 12    Spells: 6/6 levels left

rFire   . . .        e - +2 short sword (venom)
rCold   . . .        (no shield)
rNeg    . . .        p - +0 scale mail
rPois   .            (helmet currently unavailable)
rElec   .            (cloak currently unavailable)
rCorr   .            (gloves currently unavailable)
SInv    .            (boots currently unavailable)
Will    .....        (no amulet) Stlth
                     (no ring)
HPRegen 0.27/turn    (no ring)
MPRegen 0.10/turn

%: no passive effects
@: beast-form
A: beast (slay +2), slimy green scales 1, demonic magic 2, frail 1, weak 1
a: Begin Untransformation, Renounce Religion, Wall Jump


You were on level 4 of the Dungeon.
You worshipped Wu Jian.
Wu Jian was pleased with you.
You were a hulking beast.
You visited 1 branch of the dungeon, and saw 4 of its levels.

You collected 186 gold pieces.

Inventory:

Hand Weapons
 e - a +2 short sword of venom (weapon)
Missiles
 f - 4 poisoned darts
 g - 6 javelins
Armour
 a - a +2 helmet
 p - a +0 scale mail (worn)
Talismans
 c - a beast talisman
 d - a flux talisman
Scrolls
 i - 2 scrolls of blinking {unknown}
 j - a scroll of enchant weapon {unknown}
 k - a scroll of noise {unknown}
 l - a scroll of fear {unknown}
 m - a scroll of brand weapon {unknown}
 o - a scroll of butterflies {unknown}
 q - 6 scrolls of identify
 s - a scroll of revelation {unknown}
 t - a scroll of enchant armour {unknown}
Potions
 b - a potion of lignification
 h - 2 potions of cancellation
 n - 3 potions of curing


   Skills:
 - Level 1.0 Fighting
 + Level 3.2 Short Blades
 - Level 1.7 Dodging
 - Level 5.5 Unarmed Combat
 + Level 4.4 Shapeshifting


You had 6 spell levels left.
You didn't know any spells.
Your spell library contained the following spells:

 Spells                   Type           Power      Damage    Failure   Level
 Kiss of Death            Conj/Necr      0%         2d5       85%         1
 Necrotise                Necr           0%         1d4       85%         1
 Shock                    Conj/Air       0%         1d3       85%         1
 Lesser Beckoning         Tloc           0%         N/A       94%         2
 Gell's Gravitas          Tloc           0%         N/A       99%         3
 Hailstorm                Conj/Ice       0%         3d3       99%         3
 Summon Guardian Golem    Hex/Summ       0%         N/A       99%         3
 Swiftness                Air            0%         N/A       99%         3
 Teleport Other           Tloc           0%         N/A       99%         3
 Vampiric Draining        Necr           0%         2d6       99%         3
 Airstrike                Air            0%         2d(0-16)  100%        4
 Summon Ice Beast         Ice/Summ       0%         N/A       100%        4
 Agony                    Necr           0%         N/A       100%        5
 Yara's Violent Unravell  Hex/Tmut       0%         3d3       100%        5
 Conjure Ball Lightning   Conj/Air       0%         3x3d6     100%        6
 Simulacrum               Ice/Necr       0%         N/A       100%        6
 Orb of Destruction       Conj           0%         9d5       100%        7
 Spellforged Servitor     Conj/Summ      0%         N/A       100%        7


Dungeon Overview and Level Annotations

Branches:
Dungeon (4/15)
 Temple: D:4-7

Altars:
Kikubaaqudgha
Vehumet
Wu Jian

Portals:
Abyss: D:4

Annotations:
D:4 1 transporter, ripuliukko's ghost, novice GrEE


Innate Abilities, Weirdness & Mutations

You are a hulking beast.
Your limbs bulge with bestial killing power. (Slay +2)
You are partially covered in slimy green scales. (AC +2)
Spells you cast may paralyse nearby enemies.
You are frail. (-10% HP)
You are weak. (Str -2)


Message History

You enter the transporter and appear at another place.
No target in view!
No target in view!
Found a one-way gate to the infinite horrors of the Abyss.
No target in view!
You hit the ufetubus.
The ufetubus is poisoned.
The ufetubus is heavily wounded.
The ufetubus slips past you! The ufetubus closely misses you.
The ufetubus hits you but does no damage.
The ufetubus hits you. The ufetubus barely misses you.
You barely miss the ufetubus.
The ufetubus is heavily wounded.
The ufetubus hits you but does no damage. x2
You miss the ufetubus.
The ufetubus is severely wounded.
The small abomination hits you but does no damage.
The ufetubus hits you but does no damage.
The ufetubus closely misses you.
You hit the ufetubus.
You kill the ufetubus!
The Council accepts your kill.
The small abomination hits you but does no damage.
You barely miss the small abomination.
The small abomination hits you but does no damage.
You closely miss the small abomination. The small abomination hits you!
You hit the small abomination.
The small abomination is lightly damaged.
The small abomination hits you!!
* * * LOW HITPOINT WARNING * * *
You are too injured to fight recklessly!
You are too injured to fight recklessly!
You are too injured to fight recklessly!
You are too injured to fight recklessly!
You are too injured to fight recklessly!
You are too injured to fight recklessly!
You are too injured to fight recklessly!
You completely miss the small abomination.
The small abomination is lightly damaged.
The small abomination hits you!
You die...

#....................)..)....#..
#....).......©..................
###..##......###.......####......
.########+..##.###...###$##...##.
.# #......#... #..##...##....#.
.# #......##..#####.##K#.....#.
.# #.......##.x∩.....#.##....#.
.# #.......)##x#..^####.##...#.
.# #.........#h#........W#...#.
.# #.......###...###..####...'.
.# #......##..^###.##: #....#.
.########+..#...##....#. ##...##.
............#..##...###.#.##..###
............##.##..#####.#.#.....
.............#..#..#©.....##.....
.............#©##..##..####......
..†..........###....####.........


You could see 2 small abominations.

Vanquished Creatures
  2 necrophages (D:4)
  A scorpion (D:4)
  A bullfrog zombie (D:4)
  A hound (D:4)
  A human zombie (D:4)
  3 iguanas
  An orc wizard (D:4)
  A scorpion zombie (D:4)
  A hound zombie (D:4)
  3 mummies (D:4)
  A howler monkey zombie (D:4)
  Robin (D:2)
  6 adders
  An ufetubus (D:4)
  2 adder zombies (D:4)
  3 worms
  4 orcs
  3 bats
  4 endoplasms
  4 giant cockroaches
  14 goblins
  9 hobgoblins
  4 jackals (D:3)
  3 quokkas
  6 ball pythons
  5 frilled lizards
  10 kobolds
  3 rats
98 creatures vanquished.

Notes
Turn   | Place    | Note
-------+----------+-------------------------------------------
     0 | D:1      | Malachi the Demonspawn Shapeshifter began the quest for the
                  | Orb.
     0 | D:1      | Reached XP level 1. HP: 15/15 MP: 1/1
   282 | D:1      | Reached skill level 3 in Unarmed Combat
   293 | D:1      | Got the Discourse on Overcast Evolution
   357 | D:1      | Gained mutation: Spells you cast may paralyse adjacent
                  | enemies. [demonic ancestry]
   357 | D:1      | Reached XP level 2. HP: 21/21 MP: 2/2
  1112 | D:2      | Reached XP level 3. HP: 19/26 MP: 3/3
  1253 | D:2      | Reached skill level 4 in Unarmed Combat
  1864 | D:2      | Noticed Robin
  1893 | D:2      | Reached XP level 4. HP: 8/32 MP: 4/4
  1906 | D:2      | Killed Robin
  2666 | D:3      | Identified the of Ykouxuocw
  2776 | D:3      | Reached skill level 5 in Unarmed Combat
  3116 | D:3      | Found a faded altar of an unknown god.
  3150 | D:3      | Prayed at the altar of an unknown god.
  3150 | D:3      | Became a worshipper of the Wu Jian Council
  3150 | D:3      | Reached * piety under Wu Jian
  3177 | D:3      | Found a radiant altar of Vehumet.
  3232 | D:3      | Gained mutation: You are partially covered in slimy green
                  | scales. (AC +2) [demonic ancestry]
  3232 | D:3      | Reached XP level 5. HP: 37/37 MP: 5/5
  3770 | D:3      | Identified the +10 spear "Kimupp" {speed, Will++}
  4206 | D:4      | Found a transporter.
  4269 | D:4      | Identified the +2 short sword "Hydraslayer" {heavy, Str+3
                  | Dex+3}
  4450 | D:4      | Reached skill level 1 in Short Blades
  4467 | D:4      | Reached XP level 6. HP: 36/43 MP: 6/6
  4512 | D:4      | Found a transporter.
  4512 | D:4      | Noticed a small abomination
  4528 | D:4      | Noticed ripuliukko's ghost (novice GrEE)
  5020 | D:4      | Reached ** piety under Wu Jian
  5165 | D:4      | Gained mutation: Spells you cast may paralyse nearby
                  | enemies. [demonic ancestry]
  5165 | D:4      | Reached XP level 7. HP: 35/48 MP: 7/7
  5491 | D:4      | Found an ancient bone altar of Kikubaaqudgha.
  5787 | D:4      | Gained mutation: You are weak. (Str -2) [potion of
                  | mutation]
  5787 | D:4      | Gained mutation: You are frail. (-10% HP) [potion of
                  | mutation]
  5805 | D:4      | Found a one-way gate to the infinite horrors of the Abyss.
  5818 | D:4      | Slain by a small abomination

Illustrated notes

Levels and vault maps discovered:
D:1:      dpeg_arrival_more_subterranean_lakeside_camping, layout_loops_ring,
          wad_floor_pattern_untrapped, columned_hall_lemuel,
          serial_park_tiny_pond
D:2:      layout_loops_corners, minmay_ruptured, uniq_robin
D:3:      layout_basic, nicolae_vehumet_altar_sigil,
          shapermc_ecumenical_altar_rom_forum
D:4:      layout_gridville, lemuel_mausoleum_altar_kikubaaqudgha,
          gammafunk_ghost_abyssal_escape

Skill      XL: |  1  2  3  4  5  6  7 |
---------------+----------------------+-----
Unarmed Combat | 3 4 5 |  5.5
Shapeshifting  | 3 4 |  4.4
Short Blades   | 1 2 3 |  3.2
Fighting       | |  1.0
Dodging        | |  1.7

Action                     |  1- 3 |  4- 6 |  7- 9 || total
---------------------------+-------+-------+-------++-------
  Melee: Unarmed           |   127 |    78 |       ||   205
         Punch             |     2 |     7 |     1 ||    10
         Short sword       |       |   128 |    39 ||   167
Ability: Lunge             |       |    11 |     1 ||    12
    Use: Potion            |       |     1 |     1 ||     2
         Scroll            |       |       |     3 ||     3
 Armour: Leather armour    |    74 |    34 |       ||   108
         Animal skin       |     4 |       |       ||     4
         Scale mail        |       |    64 |    23 ||    87
  Dodge: Dodged            |    79 |    79 |    13 ||   171

Table legend: (Time is in decaauts)
 A = Elapsed time spent in this place.
 B = Non-inter-level travel time spent in this place.
 C = Inter-level travel time spent in this place.
 D = Time resting spent in this place.
 E = Time spent auto-exploring this place.
 F = Levels seen in this place.
 G = Mean time per level.
                   A        B        C        D        E       F      G
               +--------+--------+--------+--------+--------+-----+--------+
         Total |   5804 |   5548 |    256 |   1842 |   2868 |   4 | 1451.0 |
       Dungeon |   5804 |   5548 |    256 |   1842 |   2868 |   4 | 1451.0 |
               +--------+--------+--------+--------+--------+-----+--------+

Top non-repeatable levels by time:
     D:4: 1870 daAuts
     D:2: 1845 daAuts
     D:3: 1167 daAuts
     D:1: 921 daAuts
